 Dungeon Crawl Stone Soup version 0.26-b1-32-g5d43845318 (webtiles) character file.

Game seed: 16199237355022102770

88 Borgoz the Ducker (level 4, -6/38 HPs)
             Began as a Ghoul Gladiator on Jan 13, 2021.
             Mangled by a phantom (7 damage)
             ... on level 4 of the Dungeon.
             The game lasted 00:01:27 (993 turns).

Borgoz the Ducker (Ghoul Gladiator)                  Turns: 993, Time: 00:01:27

Health: -6/38      AC:  4    Str: 18    XL:     4   Next: 54%
Magic:  3/3        EV: 12    Int:  3    God:
Gold:   10         SH:  0    Dex: 10    Spells: 3/3 levels left

rFire    + . .     SeeInvis .   a - +0 flail
rCold    + . .     Faith    .   (no shield)
rNeg     + + +     Spirit   .   b - +0 leather armour
rPois    ∞         Reflect  .   c - +0 helmet
rElec    .         Harm     .   (no cloak)
rCorr    .         Rampage  .   (no gloves)
Will     .....                  (no boots)
Stlth    +.........             (no amulet)
HPRegen  0.00/turn              j - ring of protection from fire
MPRegen  0.08/turn              (no ring)

@: no status effects
A: claws 1, cold resistance 1, negative energy resistance 3, inhibited
regeneration, torment resistance, unbreathing
a: no special abilities


You were on level 4 of the Dungeon.
You visited 1 branch of the dungeon, and saw 3 of its levels.

You collected 10 gold pieces.

Inventory:

Hand Weapons
 a - a +0 flail (weapon)
Missiles
 d - a throwing net (quivered)
Armour
 b - a +0 leather armour (worn)
 c - a +0 helmet (worn)
Jewellery
 j - a ring of protection from fire (left claw)
Scrolls
 f - a scroll of remove curse
 h - 4 scrolls of identify


   Skills:
 * Level 3.1 Fighting
 * Level 3.3 Maces & Flails
 - Level 1.7 Throwing
 * Level 1.5 Armour
 * Level 3.3 Dodging


You had 3 spell levels left.
You didn't know any spells.
Your spell library was empty.

Dungeon Overview and Level Annotations

Branches:
Dungeon (2/15)

Altars:


Innate Abilities, Weirdness & Mutations

You thrive by killing the living.
You are immune to poison.
You have sharp fingernails.
Your flesh is cold resistant. (rC+)
You are immune to negative energy. (rN+++)
You do not regenerate when monsters are visible.
You are immune to unholy pain and torment.
You can survive without breathing.


Message History

It was a scroll of random uselessness.
The phantom blinks!
As you read the scroll labelled JUS SYG ZULI, it crumbles to dust.
You assume a fearsome visage.
The frilled lizard looks frightened!
It was a scroll of fear.
The phantom blinks!
The phantom blinks!
The phantom misses you.
Found a stone staircase leading up.
The phantom blinks!
You sock the phantom!
The phantom is lightly damaged.
The phantom barely misses you. x2
The phantom hits you!
* * * LOW HITPOINT WARNING * * *
The phantom misses you.
The phantom blinks!
You closely miss the phantom.
The phantom is lightly damaged.
The phantom hits you!
You die...

##.## #..#
##.##
##.##
#.O##
##..#
##.### .
#...##....
##@....#
##W.###
<## .. ...
#... ##..
#..


You could see a phantom and an ogre.

Vanquished Creatures
  A howler monkey (D:4)
  A worker ant (D:4)
  2 leopard geckos
  A bat (D:2)
  4 giant cockroaches
  4 goblins
  3 hobgoblins
  3 kobolds (D:1)
  3 frilled lizards (D:1)
  A rat (D:1)
23 creatures vanquished.

Notes
Turn   | Place    | Note
-------+----------+-------------------------------------------
     0 | D:1      | Borgoz the Ghoul Gladiator began the quest for the Orb.
     0 | D:1      | Reached XP level 1. HP: 17/17 MP: 0/0
   325 | D:1      | Reached XP level 2. HP: 25/25 MP: 1/1
   881 | D:2      | Reached XP level 3. HP: 26/30 MP: 2/2
   882 | D:2      | You fall into a shaft and drop 2 floors!
   933 | D:4      | Noticed a phantom
   950 | D:4      | Reached skill level 1 in Armour
   950 | D:4      | Reached XP level 4. HP: 13/38 MP: 3/3
   961 | D:4      | Noticed an ogre
   989 | D:4      | HP: 1/38 [phantom (7)]
   993 | D:4      | Mangled by a phantom

Illustrated notes

Levels and vault maps discovered:
D:1:      dpeg_arrival_tiny_c, layout_basic
D:2:      layout_basic
D:4:      layout_cave_pods, overflow_temple_1_default, uniq_robin

Skill      XL: |  1  2  3 |
---------------+----------+-----
Maces & Flails | 3 |  3.3
Dodging        | 3 |  3.3
Fighting       | 3 |  3.1
Armour         | 1 |  1.5
Throwing       | |  1.7

Action                   |  1- 3 |  4- 6 || total
-------------------------+-------+-------++-------
Melee: Flail             |    74 |    13 ||    87
Throw: Throwing net      |     2 |     1 ||     3
  Use: Scroll            |     2 |     2 ||     4
       Potion            |     1 |       ||     1
 Stab: Held in net/web   |       |     1 ||     1
Armor: Leather armour    |    18 |     1 ||    19
Dodge: Dodged            |    54 |    13 ||    67
